AoeStats
← MAD

Black Forest

509962793Analyzed
4v4 RM · 4d ago on Sep 28, 2026· 66m 55s· 8 players
Game mode
Random Map
Map size
Large (8 player)
Population
200
Speed
Normal
Resources
Standard
Victory
Conquest
Starting age
Dark Age
Ending age
Imperial Age
RankedLock teamsTeams togetherTeam positionsShared explorationLock speedFull tech treeHidden civsTurbo modeCheats
Victory
Defeat
🇦🇷 Burgundians · Argentina
985
+13
🇳🇱 Teutons · Netherlands
953
+14
🇩🇪 Britons · Germany
918
+15
🇩🇪 Khmer · Germany
902
+18
🇹🇷 Persians · Türkiye
991
-18
🇹🇷 Khmer · Türkiye
991
-18
🇮🇹 Vietnamese · Italy
851
-12
🇬🇧 Bohemians · United Kingdom
802
-10
taisho84
13:15 Feudal Age
13:45 Double-Bit Axe
20:06 Castle Age
18:09 Horse Collar
19:35 Stone Mining
22:19 Bow Saw
22:28 Loom
32:19 Imperial Age
30:39 Ballistics
30:12 Fletching
31:40 Masonry
31:41 Fortified Wall
31:45 Forging
31:50 Fishing Lines
33:07 Wheelbarrow
32:34 Bodkin Arrow
32:39 Scale Mail Armor
32:56 Caravan
33:29 Crenellations
34:18 Chemistry
33:26 Arrowslits
34:55 Two-Man Saw
34:39 Heavy Plow
34:12 Capped Ram
34:21 Pikeman
36:15 Conscription
35:21 Halberdier
37:33 Squires
38:38 Hoardings
38:24 Ironclad
37:25 Elite Teutonic Knight
46:36 Stone Shaft Mining
45:51 Gold Mining
46:50 Iron Casting
46:31 Chain Mail Armor
46:48 Coinage
48:37 Blast Furnace
56:26 Plate Mail Armor
55:56 Padded Archer Armor
56:04 Siege Engineers
56:21 Hand Cart
55:52 Town Watch
56:50 Banking
56:31 Guilds
60:01 Leather Archer Armor
60:11 Clinker Construction
60:37 Town Patrol
63:13 Arson
64:39 Elite Skirmisher
Macholdi
0:34 Loom
12:58 Feudal Age
14:30 Wheelbarrow
13:49 Double-Bit Axe
13:48 Horse Collar
14:02 Gold Mining
14:02 Stone Mining
22:06 Castle Age
23:31 Bow Saw
25:36 Hand Cart
30:55 Gold Shaft Mining
34:28 Imperial Age
32:11 Padded Archer Armor
32:01 Fletching
33:27 Yeomen
32:32 Pikeman
33:13 Squires
32:58 Arson
33:59 Leather Archer Armor
33:40 Bodkin Arrow
33:45 Scale Mail Armor
35:38 Conscription
35:38 Caravan
36:09 Coinage
35:49 Guilds
37:17 Two-Man Saw
37:19 Ring Archer Armor
36:50 Bracer
37:01 Treadmill Crane
38:04 Ballistics
37:13 Halberdier
38:28 Elite Longbowman
39:56 Banking
42:41 Chain Mail Armor
42:37 Forging
42:41 Fortified Wall
44:41 Warwolf
60:13 Plate Mail Armor
60:19 Iron Casting
BELiKA
1:23 Loom
7:37 Double-Bit Axe
12:12 Feudal Age
10:40 Horse Collar
12:01 Wheelbarrow
15:55 Castle Age
14:16 Bow Saw
15:02 Heavy Plow
17:51 Two-Man Saw
22:57 Wheelbarrow
22:08 Town Watch
23:55 Town Watch
25:02 Crop Rotation
25:23 Town Patrol
26:24 Hand Cart
27:02 Caravan
27:23 Forging
27:13 Scale Mail Armor
27:41 Gold Mining
27:45 Stone Mining
29:17 Arson
28:55 Pikeman
29:37 Squires
33:16 Imperial Age
31:48 Iron Casting
31:28 Chain Mail Armor
33:00 Ballistics
32:35 Murder Holes
32:51 Masonry
32:21 Treadmill Crane
32:53 Fortified Wall
33:37 Stone Shaft Mining
33:38 Gold Shaft Mining
34:00 Burgundian Vineyards
34:18 Conscription
35:18 Chemistry
35:20 Blast Furnace
34:51 Plate Mail Armor
34:26 Scale Barding Armor
36:14 Architecture
37:07 Elite Coustillier
39:05 Chain Barding Armor
53:56 Plate Barding Armor
sascha.m.89x
11:57 Feudal Age
12:22 Horse Collar
12:30 Double-Bit Axe
16:29 Wheelbarrow
15:59 Stone Mining
19:14 Castle Age
17:21 Stone Mining
18:22 Gold Mining
20:36 Hand Cart
21:20 Gold Shaft Mining
21:55 Stone Shaft Mining
22:00 Heavy Plow
22:27 Bow Saw
29:53 Imperial Age
31:16 Crop Rotation
31:54 Chemistry
31:01 Scale Barding Armor
31:42 Ballistics
31:34 Double Crossbow
31:55 Conscription
32:21 Siege Engineers
33:10 Chain Barding Armor
35:37 Caravan
36:15 Plate Barding Armor
35:07 Elite Ballista Elephant
35:52 Husbandry
36:10 Bloodlines
40:48 Forging
41:49 Elite Battle Elephant
42:49 Tusk Swords
44:48 Iron Casting
MAD
0:37 Loom
16:30 Feudal Age
17:43 Wheelbarrow
16:50 Horse Collar
16:59 Double-Bit Axe
22:20 Castle Age
23:49 Hand Cart
23:36 Heavy Plow
23:50 Bow Saw
26:52 Caravan
28:21 Gold Mining
30:51 Gold Shaft Mining
30:07 Stone Mining
33:32 Stone Shaft Mining
36:24 Imperial Age
34:26 Ballistics
34:13 Fletching
34:25 Padded Archer Armor
34:36 Forging
34:34 Scale Barding Armor
36:56 Kamandaran
39:40 Chemistry
39:02 Leather Archer Armor
38:43 Bodkin Arrow
39:56 Two-Man Saw
39:48 Thumb Ring
39:04 Crossbowman
41:40 Elite War Elephant
43:28 Hoardings
46:00 Ring Archer Armor
49:04 Iron Casting
48:50 Chain Barding Armor
49:02 Conscription
51:08 Blast Furnace
fred.ferrone
0:43 Loom
13:43 Feudal Age
16:16 Fishing Lines
19:39 Castle Age
17:28 Double-Bit Axe
21:21 Wheelbarrow
23:09 Horse Collar
24:15 Hand Cart
26:02 Heavy Plow
26:18 Bow Saw
26:51 Gillnets
28:15 Caravan
32:35 Imperial Age
32:00 Chemistry
31:15 Masonry
32:44 Murder Holes
34:18 Two-Man Saw
34:38 Wagenburg Tactics
34:43 Hussite Reforms
35:43 Houfnice
35:48 Elite Hussite Wagon
39:59 Redemption
39:49 Atonement
40:01 Fervor
40:41 Heavy Scorpion
48:30 Onager
57:54 Siege Engineers
58:20 Architecture
roberto.bortolin
0:35 Loom
11:25 Feudal Age
20:42 Castle Age
19:25 Horse Collar
20:31 Double-Bit Axe
22:20 Wheelbarrow
23:28 Hand Cart
23:56 Heavy Plow
23:51 Town Watch
25:10 Bow Saw
26:47 Stone Mining
26:48 Gold Mining
28:50 Town Patrol
29:19 Treadmill Crane
30:11 Ballistics
30:49 Fortified Wall
31:04 Masonry
32:56 Murder Holes
36:13 Imperial Age
34:58 Squires
34:44 Arson
34:20 Pikeman
35:42 Scale Mail Armor
35:53 Forging
35:34 Fletching
35:45 Padded Archer Armor
36:40 Stone Shaft Mining
38:31 Chemistry
38:24 Chain Mail Armor
39:12 Crop Rotation
39:50 Two-Man Saw
39:43 Halberdier
41:00 Plate Mail Armor
41:06 Iron Casting
40:27 Bodkin Arrow
40:48 Leather Archer Armor
41:11 Elite Rattan Archer
45:31 Thumb Ring
44:47 Elite Skirmisher
46:07 Ring Archer Armor
45:38 Bracer
47:23 Scale Barding Armor
46:44 Onager
48:52 Chain Barding Armor
47:57 Imperial Skirmisher
49:33 Chatras
50:18 Plate Barding Armor
50:10 Elite Battle Elephant
50:51 Husbandry
51:01 Bloodlines
karaokur
0:31 Loom
14:22 Feudal Age
16:25 Wheelbarrow
15:38 Double-Bit Axe
15:37 Horse Collar
20:47 Castle Age
19:25 Stone Mining
19:26 Gold Mining
22:17 Heavy Plow
22:32 Bow Saw
23:57 Stone Shaft Mining
24:01 Town Watch
26:32 Hand Cart
28:16 Town Patrol
33:24 Imperial Age
31:53 Gold Shaft Mining
33:26 Fletching
33:38 Padded Archer Armor
33:46 Padded Archer Armor
33:27 Heavy Scorpion
34:09 Double Crossbow
34:30 Conscription
34:10 Bodkin Arrow
34:26 Forging
34:23 Scale Barding Armor
34:41 Ballistics
35:26 Chemistry
35:11 Crop Rotation
35:08 Leather Archer Armor
35:14 Bracer
36:51 Fortified Wall
36:47 Siege Engineers
37:14 Ring Archer Armor
37:20 Iron Casting
37:07 Chain Barding Armor
39:16 Caravan
43:07 Blast Furnace
42:44 Plate Barding Armor
42:45 Elite Battle Elephant
43:26 Husbandry
42:50 Light Cavalry
43:41 Bloodlines
46:36 Tusk Swords
52:50 Hussar
Connection lost

Rejoining the realm…

Still unreachable

The connection could not be restored.

Session expired

The server has moved on; the page needs a fresh start.